 Dungeon Crawl Stone Soup version 0.27-a0-78-g75406f0b48 (webtiles) character file.

Game seed: 6612945796682071948

5540 Verizquir the Geomancer (level 10, -16/55 HPs)
             Began as a Gargoyle Earth Elementalist on Jan 14, 2021.
             Was a Believer of Vehumet.
             Hit by a javelin thrown by Urug (23 damage)
             ... on level 10 of the Dungeon.
             The game lasted 00:28:33 (9906 turns).

Verizquir the Geomancer (GrEE)                      Turns: 9906, Time: 00:28:33

Health: -16/55     AC: 21    Str: 11    XL:     10   Next: 71%
Magic:  21/21      EV: 12    Int: 24    God:    Vehumet [**....]
Gold:   217        SH:  0    Dex: 10    Spells: 15/24 levels left

rFire    . . .     SeeInvis +   h - +4 dagger (venom)
rCold    . . .     Faith    .   (no shield)
rNeg     + . .     Spirit   .   t - +3 leather armour {rPois}
rPois    ∞         Reflect  .   (helmet restricted)
rElec    +         Harm     .   o - +1 cloak
rCorr    .         Rampage  .   p - +0 pair of gloves
Will     .....                  a - +0 pair of boots
Stlth    ++........             q - amulet of magic regeneration
HPRegen  0.18/turn              m - +4 ring of protection
MPRegen  0.42/turn              k - +6 ring of intelligence

@: no status effects
A: horns 1, see invisible, dopey 1, negative energy resistance 1, electricity
resistance, unbreathing, petrification resistance, miasma immunity, AC +7
a: Renounce Religion


You were on level 10 of the Dungeon.
You worshipped Vehumet.
Vehumet was pleased with you.
You visited 2 branches of the dungeon, and saw 12 of its levels.

You collected 437 gold pieces.
You spent 220 gold pieces at shops.

Inventory:

Hand Weapons
 h - a +4 dagger of venom (weapon)
 l - a +4 dire flail of freezing
 s - a +1 dire flail of holy wrath
 C - a +0 morningstar
Missiles
 b - 248 stones
Armour
 a - a +0 pair of boots (worn)
 o - a +1 cloak (worn)
 p - a +0 pair of gloves (worn)
 t - a +3 leather armour of poison resistance (worn)
 G - a +1 robe of cold resistance
 H - a +0 robe of fire resistance
Magical Staves
 r - an uncursed staff of earth {unknown}
Jewellery
 g - an uncursed ring of resist corrosion
 j - an uncursed ring of see invisible {unknown}
 k - a +6 ring of intelligence (right hand)
 m - a +4 ring of protection (left hand)
 q - an amulet of magic regeneration (around neck)
 u - an uncursed ring of protection from cold {unknown}
 v - an uncursed ring of positive energy {unknown}
 z - an uncursed ring of stealth {unknown}
Wands
 x - a wand of disintegration (14)
 B - a wand of iceblast (4)
 D - a wand of paralysis (6)
Scrolls
 i - 7 scrolls of teleportation
 w - 2 scrolls of random uselessness
 y - a scroll of remove curse
 E - 4 scrolls of immolation
Potions
 c - 3 potions of invisibility
 d - 2 potions of attraction
 e - 2 potions of lignification
 f - 6 potions of curing
 n - 3 potions of heal wounds
 A - a potion of brilliance
 F - a potion of haste {unknown}
 I - a potion of berserk rage {unknown}


   Skills:
 + Level 2.8 Fighting
 + Level 2.4 Maces & Flails
 + Level 2.8 Armour
 + Level 2.7 Dodging
 - Level 2.1 Stealth
 + Level 7.9 Spellcasting
 + Level 8.9 Conjurations
 - Level 0.7 Transmutations
 + Level 10.5 Earth Magic
 + Level 2.3 Evocations


You had 15 spell levels left.
You knew the following spells:

 Your Spells              Type           Power        Failure   Level
a - Sandblast             Erth           100%         1%          1
b - Stone Arrow           Conj/Erth      100%         1%          3
c - Lee's Rapid Deconstr  Erth           28%          3%          5

Your spell library contained the following spells:

 Spells                   Type           Power        Failure   Level
 Magic Dart               Conj           100%         1%          1
 Passwall                 Tmut/Erth      30%          1%          2
 Animate Skeleton         Necr           18%          9%          1
 Pain                     Necr           36%          9%          1
 Petrify                  Tmut/Erth      36%          9%          4
 Vampiric Draining        Necr           4%           26%         3
 Animate Dead             Necr           4%           63%         4
 Agony                    Necr           9%           93%         5


Dungeon Overview and Level Annotations

Branches:
Dungeon (11/15)            Temple (1/1) D:7
   Lair: D:8-11         Orc: D:9-12

Altars:
Dithmenos
Elyvilon
Fedhas
Hepliaklqana
Kikubaaqudgha
Nemelex Xobeh
Sif Muna
Uskayaw
Vehumet
Zin
The Shining One

Shops:
D:4 *   D:6 :   D:7 *

Annotations:
D:3 2 transporters, ReteAZ's ghost, amateur MiFi
D:9 1 runed translucent door, Barden's ghost, journeyman GrEE
D:10 Urug


Innate Abilities, Weirdness & Mutations

You are resistant to torment.
Your stone body is resilient. (AC +7)
You are immune to poison.
You resist negative energy. (rN+)
You are resistant to electric shocks. (rElec)
You can survive without breathing.
You are immune to petrification.
You are immune to miasma.
You have a pair of small horns on your head.
You have supernaturally acute eyesight. (SInv)
You are dopey. (Int -2)


Message History

You hit Urug but do no damage. Your headbutt misses Urug.
Urug is lightly wounded.
Urug screams, "Bird-brain!"
Urug hits you but does no damage.
You miss Urug.
Urug is lightly wounded.
Urug hits you with a +7 long sword.
You hit Urug but do no damage.
Urug looks as sick as possible!
Urug is lightly wounded.
Urug hits you with a +7 long sword!
You are too injured to fight recklessly!
You are too injured to fight recklessly!
You are too injured to fight recklessly!
You are too injured to fight recklessly!
Urug throws a javelin.
The javelin pierces through you!
* * * LOW HITPOINT WARNING * * *
Urug throws a javelin.
The javelin closely misses you.
Urug throws a javelin.
The javelin misses you.
Urug throws a javelin.
The javelin pierces through you!!
You die...

#...........#.#
###.........#.#
#.........#.#
#.........#.#
#.........#.#
#.........#.########
#####.....#.(.......
######..........
#@......... ####
#.......... #...
#.......... #...
#..........
##...##o.........
#...........[....
#................
#......†.(((.....
#.........#######


You could see Urug (very poisoned).

Vanquished Creatures
  Erica (D:9)
  Pikel (D:6)
  Prince Ribbit (D:5)
  Eustachio (D:5)
  Edmund (D:4)
  2 water moccasins
  Duvessa (D:5)
  2 orc warriors
  2 sky beasts
  A black bear (D:7)
  3 ice beasts
  4 ogres
  2 centaurs
  A lemure (D:6)
  Dowan (D:5)
  4 bullfrogs
  3 scorpions
  A wyvern skeleton (D:11)
  9 wights (D:9)
  4 howler monkeys
  13 orc wizards
  3 jellies
  3 orc priests
  Crazy Yiuf (D:2)
  4 hounds
  2 bullfrog skeletons (D:9)
  2 centaur skeletons
  3 iguanas
  11 worker ants
  A hound zombie (D:7)
  8 adders
  A shadow imp (D:5)
  3 ufetubi
  2 adder skeletons
  8 worms
  3 dart slugs
  2 leopard geckos
  32 orcs
  3 ball pythons
  5 bats
  6 giant cockroaches
  6 goblins
  9 hobgoblins
  10 jackals
  3 quokkas
  4 frilled lizards
  6 kobolds
  A leopard gecko skeleton (D:4)
  A quokka skeleton (D:7)
  5 rats
206 creatures vanquished.

Vanquished Creatures (others)
  10 plants (D:1)
10 creatures vanquished.

Grand Total: 216 creatures vanquished

Notes
Turn   | Place    | Note
-------+----------+-------------------------------------------
     0 | D:1      | Verizquir the Gargoyle Earth Elementalist began the quest
                  | for the Orb.
     0 | D:1      | Reached XP level 1. HP: 10/10 MP: 3/3
   223 | D:1      | Reached skill level 4 in Earth Magic
   223 | D:1      | Reached XP level 2. HP: 15/15 MP: 5/5
   586 | D:1      | Reached XP level 3. HP: 19/19 MP: 6/6
   611 | D:1      | Learned a level 3 spell: Stone Arrow
   991 | D:2      | Reached skill level 1 in Conjurations
   994 | D:2      | Reached XP level 4. HP: 6/24 MP: 0/8
  1438 | D:2      | Found a faded altar of an unknown god.
  1548 | D:2      | Found a runed translucent door.
  1549 | D:2      | Noticed Crazy Yiuf
  1559 | D:2      | Killed Crazy Yiuf
  1750 | D:2      | Reached skill level 5 in Earth Magic
  1980 | D:2      | Reached XP level 5. HP: 23/28 MP: 9/9
  1999 | D:2      | Learned a level 5 spell: Lee's Rapid Deconstruction
  2305 | D:3      | Noticed an ogre
  2312 | D:3      | Killed an ogre
  2313 | D:3      | Reached XP level 6. HP: 32/32 MP: 7/11
  2378 | D:3      | Noticed ReteAZ's ghost (amateur MiFi)
  2386 | D:3      | Found a transporter.
  2393 | D:3      | Found a transporter.
  2524 | D:3      | Found a hazy altar of Hepliaklqana.
  3092 | D:4      | Reached skill level 6 in Earth Magic
  3307 | D:4      | Found Carusch's Assorted Antiques.
  3313 | D:4      | Bought a scroll labelled LULIL RUN BOFY for 29 gold pieces
  3313 | D:4      | Bought a scroll labelled GEALECSIALO for 29 gold pieces
  3320 | D:4      | Noticed Edmund
  3352 | D:4      | Killed Edmund
  3353 | D:4      | Reached XP level 7. HP: 20/36 MP: 13/13
  3819 | D:5      | Entered Level 5 of the Dungeon
  3872 | D:5      | Noticed Duvessa
  3873 | D:5      | Noticed Dowan
  3998 | D:5      | Killed Duvessa
  4007 | D:5      | Killed Dowan
  4388 | D:5      | Reached skill level 5 in Spellcasting
  4388 | D:5      | Reached skill level 7 in Earth Magic
  4436 | D:5      | Noticed Eustachio
  4436 | D:5      | You fall into a shaft and drop 1 floor!
  4491 | D:6      | Reached skill level 5 in Conjurations
  4491 | D:6      | Reached XP level 8. HP: 41/41 MP: 15/15
  4670 | D:6      | Found Firi's Book Shoppe.
  4777 | D:5      | Killed Eustachio
  4986 | D:5      | Reached skill level 8 in Earth Magic
  5333 | D:5      | Found a hide-covered altar of Uskayaw.
  5334 | D:5      | Found a radiant altar of Vehumet.
  5335 | D:5      | Noticed Prince Ribbit
  5350 | D:5      | Killed Prince Ribbit
  5774 | D:5      | Became a worshipper of Vehumet
  6052 | D:6      | Reached XP level 9. HP: 45/45 MP: 18/18
  6075 | D:6      | HP: 2/45 [orc warrior/+0 hand axe of electrocution (16)]
  6194 | D:6      | Noticed Pikel
  6232 | D:6      | Killed Pikel
  6233 | D:6      | Reached skill level 9 in Earth Magic
  6448 | D:6      | Found a sparkling altar of Nemelex Xobeh.
  6766 | D:6      | Found a shadowy altar of Dithmenos.
  6959 | D:7      | Found a glowing golden altar of the Shining One.
  7006 | D:7      | Reached * piety under Vehumet
  7006 | D:7      | Offered knowledge of Foxfire by Vehumet.
  7183 | D:7      | Found Irevvaim's General Store.
  7192 | D:7      | Bought a scroll of identify for 26 gold pieces
  7194 | D:7      | Bought 3 scrolls of immolation for 136 gold pieces
  7210 | D:7      | Found a staircase to the Ecumenical Temple.
  7253 | D:7      | Reached skill level 10 in Earth Magic
  7372 | Temple   | Entered the Ecumenical Temple
  7512 | D:7      | Gained mutation: You have supernaturally acute eyesight.
                  | (SInv) [potion of mutation]
  7512 | D:7      | Gained mutation: You are dopey. (Int -2) [potion of
                  | mutation]
  7512 | D:7      | Gained mutation: You have a pair of small horns on your
                  | head. [potion of mutation]
  7845 | D:7      | Found a glowing silver altar of Zin.
  8012 | D:8      | Reached XP level 10. HP: 51/51 MP: 21/21
  8224 | D:8      | Reached skill level 1 in Armour
  8257 | D:8      | Reached skill level 1 in Fighting
  8272 | D:8      | Found an ancient bone altar of Kikubaaqudgha.
  8356 | D:8      | Reached skill level 1 in Maces & Flails
  8596 | D:8      | Reached skill level 1 in Evocations
  9308 | D:9      | Noticed Erica
  9317 | D:9      | Killed Erica
  9317 | D:9      | Offered knowledge of Magic Dart by Vehumet.
  9405 | D:9      | Found a runed translucent door.
  9405 | D:9      | Noticed a harpy
  9405 | D:9      | Noticed Barden's ghost (journeyman GrEE)
  9410 | D:9      | Noticed an unseen horror
  9410 | D:9      | a harpy changed into an unseen horror
  9466 | D:9      | Found a white marble altar of Elyvilon.
  9496 | D:9      | Reached ** piety under Vehumet
  9755 | D:9      | You fall into a shaft and drop 2 floors!
  9849 | D:10     | Entered Level 10 of the Dungeon
  9885 | D:10     | Noticed Urug
  9906 | D:10     | Hit by a javelin thrown by Urug

Illustrated notes

Levels and vault maps discovered:
D:1:      roderic_crop_circles_arrival_small, layout_basic,
          chequers_serial_rivers_marsh, serial_bayou_pond_b, minmay_bisected
D:2:      layout_basic, chequers_ecumenical_altar_grove,
          kennysheep_generic_room_8, uniq_crazy_yiuf_cottage
D:3:      layout_loops_ring, nzn_hepliaklqana_mist_gate, gammafunk_ghost_smash
D:4:      layout_basic, serial_shops, shop_statue, uniq_edmund
D:5:      layout_basic, gammafunk_temple_overflow_pools, minmay_misc_feat_roman,
          uniq_prince_ribbit1, uniq_eustachio, uniq_duvessa
D:6:      layout_basic, lemuel_round_altar, nemelex_xobeh_ov_fountains_minmay,
          serial_shops, nicolae_shop_crystal, grunt_ministairs_10, uniq_pikel
D:7:      layout_layer_cave, overflow_temple_1_default,
          overflow_temple_1_default, minmay_temple_entry_glassed_door,
          serial_shops, shop
D:8:      layout_basic, basic_altar, grunt_decor_one_mirror
D:9:      layout_rooms, makhleb_altar_promises_db, ebering_ghost_inner_flame,
          lemuel_altar_in_water, uniq_erica
D:10:     layout_basic, st_stairs_6, uniq_urug, uniq_maggie, uniq_erolcha
D:11:     layout_long_grid, dpeg_oklobed_lair, orc_0_dummy, basic_altar,
          minmay_joined_circles, uniq_josephine
Temple:   dpeg_chambers_temple

Skill      XL: |  1  2  3  4  5  6  7  8  9 10 |
---------------+-------------------------------+-----
Earth Magic    | 4 5 6 7 8 10 | 10.5
Conjurations   | 1 2 4 5 6 8 |  8.9
Spellcasting   | 3 4 5 6 7 |  7.9
Armour         | 2 |  2.8
Fighting       | 2 |  2.8
Maces & Flails | 2 |  2.4
Evocations     | 2 |  2.3
Dodging        | 2 |  2.7
Stealth        | |  2.1
Transmutations | |  0.7

Action                   |  1- 3 |  4- 6 |  7- 9 | 10-12 || total
-------------------------+-------+-------+-------+-------++-------
Melee: Unarmed           |    24 |       |       |       ||    24
       Dagger            |    61 |   126 |   322 |   182 ||   691
       Headbutt          |       |       |     9 |    23 ||    32
 Cast: Sandblast         |    20 |    23 |    19 |    15 ||    77
       Lee's Rapid Decon |       |       |     3 |     7 ||    10
       Stone Arrow       |       |       |       |     1 ||     1
Evoke: Wand              |       |       |     4 |       ||     4
  Use: Scroll            |       |    11 |     6 |     2 ||    19
       Potion            |       |     1 |     2 |     1 ||     4
 Stab: Sleeping          |     2 |     4 |     3 |     1 ||    10
Armor: Robe              |    23 |    33 |       |       ||    56
       Leather armour    |       |       |   176 |   131 ||   307
Dodge: Dodged            |    56 |    70 |   178 |    95 ||   399

Table legend: (Time is in decaauts)
 A = Elapsed time spent in this place.
 B = Non-inter-level travel time spent in this place.
 C = Inter-level travel time spent in this place.
 D = Time resting spent in this place.
 E = Time spent auto-exploring this place.
 F = Levels seen in this place.
 G = Mean time per level.
                   A        B        C        D        E       F      G
               +--------+--------+--------+--------+--------+-----+--------+
         Total |   9904 |   9674 |    230 |   1253 |   6582 |  12 |  825.3 |
       Dungeon |   9902 |   9672 |    230 |   1253 |   6582 |  11 |  900.2 |
        Temple |      1 |      1 |      0 |      0 |      0 |   1 |    1.0 |
               +--------+--------+--------+--------+--------+-----+--------+

Top non-repeatable levels by time:
     D:5: 1818 daAuts
     D:2: 1243 daAuts
     D:6: 1190 daAuts
     D:7: 1154 daAuts
     D:8: 1020 daAuts
     D:1: 972 daAuts
     D:4: 888 daAuts
     D:9: 749 daAuts
     D:3: 715 daAuts
    D:11: 93 daAuts
    D:10: 56 daAuts
  Temple: 1 daAuts
